 Dungeon Crawl Stone Soup version 0.27-a0-46-g34d46f0a3f (webtiles) character file.

Game seed: 16000485619053568427

68209 Borgoz the Grappler (level 15, -3/136 HPs)
             Began as a Ghoul Gladiator on Jan 6, 2021.
             Was the Champion of Okawaru.
             Slain by a death yak (10 damage)
             ... on level 4 of the Lair of Beasts.
             The game lasted 00:34:45 (25839 turns).

Borgoz the Grappler (Ghoul Gladiator)              Turns: 25839, Time: 00:34:46

Health: -3/136     AC: 19    Str: 29    XL:     15   Next: 25%
Magic:  15/17      EV: 20    Int:  8    God:    Okawaru [******]
Gold:   1407       SH: 10    Dex: 15    Spells: 14/14 levels left

rFire    . . .     SeeInvis +     - Unarmed
rCold    + + .     Faith    +   U - +2 buckler {rN+}
rNeg     + + +     Spirit   .   f - +4 chain mail "Oxtexonaff" {Int+5}
rPois    ∞         Reflect  .   O - +2 hat of Baldness {Str+3 SInv}
rElec    .         Harm     .   S - scarf {repulsion}
rCorr    .         Rampage  .   (no gloves)
Will     +....                  (no boots)
Stlth    ..........             h - amulet of faith
HPRegen  0.00/turn              Z - ring of protection from cold
MPRegen  0.15/turn              J - +6 ring of strength

@: about to teleport, heroism, repel missiles
A: claws 1, cold resistance 1, negative energy resistance 3, inhibited
regeneration, torment resistance, unbreathing
a: Renounce Religion, Heroism, Finesse


You were on level 4 of the Lair of Beasts.
You worshipped Okawaru.
Okawaru was exalted by your worship.
You visited 3 branches of the dungeon, and saw 20 of its levels.
You also visited: Ice Cave.

You collected 1719 gold pieces.
You spent 312 gold pieces at shops.

Inventory:

Missiles
 c - 2 throwing nets (quivered)
Armour
 f - the +4 chain mail "Oxtexonaff" (worn) {Int+5}
   (You found it on level 7 of the Dungeon)

   It affects your intelligence (+5).
 E - the +2 scale mail of Elettagu {Rampage rF+}
   (You bought it in a shop on level 9 of the Dungeon)

   It protects you from fire.
   It bestows one free step when moving towards enemies.
 O - the +2 hat of Baldness (worn) {Str+3 SInv}
   (Okawaru gifted it to you on level 12 of the Dungeon)

   It affects your strength (+3).
   It lets you see invisible.
 S - a scarf of repulsion (worn)
 U - a +2 buckler of positive energy (worn)
Jewellery
 a - an uncursed ring of resist corrosion
 h - an amulet of faith (around neck)
 x - a +4 ring of protection
 C - the ring "Vawkosch" {Fire Dex+3}
   (You found it on level 9 of the Dungeon)

   [ring of fire]

   It enhances your fire magic.
   It affects your dexterity (+3).
   It protects you from fire.
   It makes you vulnerable to cold.
 J - a +6 ring of strength (right claw)
 T - an uncursed ring of willpower
 Z - a ring of protection from cold (left claw)
Wands
 q - a wand of iceblast (41)
 u - a wand of disintegration (1)
 y - a wand of acid (20)
 D - a wand of polymorph (31)
 F - a wand of random effects (34)
 P - a wand of digging (10)
 W - a wand of flame (34)
Scrolls
 d - 4 scrolls of fear
 e - 6 scrolls of remove curse
 i - 2 scrolls of magic mapping
 l - 2 scrolls of amnesia
 o - 6 scrolls of enchant armour
 p - 2 scrolls of identify
 r - 8 scrolls of teleportation
 t - 3 scrolls of blinking
 A - a scroll of acquirement {unknown}
 B - a scroll of fog
Potions
 b - a potion of cancellation
 g - a potion of heal wounds
 j - 2 potions of might
 k - 2 potions of resistance
 m - 14 potions of curing {unknown}
 n - 5 potions of lignification {unknown}
 s - a potion of brilliance
 v - a potion of ambrosia
 w - 5 potions of haste
 z - 3 potions of flight
 Q - 2 potions of invisibility
 Y - a potion of magic {unknown}


   Skills:
 + Level 13.4(18.4) Fighting
 - Level 1.7(6.7) Throwing
 + Level 11.4(16.4) Armour
 + Level 11.6(16.6) Dodging
 + Level 8.6(13.6) Shields
 + Level 13.5(18.5) Unarmed Combat
 - Level 5.0 Invocations


You had 14 spell levels left.
You didn't know any spells.
Your spell library contained the following spells:

 Spells                   Type           Power        Failure   Level
 Animate Skeleton         Necr           0%           80%         1
 Freeze                   Ice            0%           80%         1
 Pain                     Necr           0%           80%         1
 Summon Small Mammal      Summ           0%           80%         1
 Call Imp                 Summ           0%           90%         2
 Poisonous Vapours        Pois/Air       0%           90%         2
 Call Canine Familiar     Summ           0%           99%         3
 Conjure Flame            Conj/Fire      0%           99%         3
 Frozen Ramparts          Ice            0%           99%         3
 Mephitic Cloud           Conj/Pois/Air  0%           99%         3
 Ozocubu's Armour         Ice            0%           99%         3
 Summon Guardian Golem    Hex/Summ       0%           99%         3
 Vampiric Draining        Necr           0%           99%         3
 Animate Dead             Necr           0%           100%        4
 Cause Fear               Hex            0%           100%        4
 Hailstorm                Conj/Ice       0%           100%        4
 Summon Ice Beast         Ice/Summ       0%           100%        4
 Summon Lightning Spire   Summ/Air       0%           100%        4
 Agony                    Necr           0%           100%        5
 Bolt of Magma            Conj/Fire/Erth 0%           100%        5
 Iskenderun's Battlesphe  Conj           0%           100%        5
 Metabolic Englaciation   Hex/Ice        0%           100%        5
 Silence                  Hex/Air        0%           100%        5
 Yara's Violent Unravell  Hex/Tmut       0%           100%        5
 Freezing Cloud           Conj/Ice/Air   0%           100%        6
 Iron Shot                Conj/Erth      0%           100%        6
 Ozocubu's Refrigeration  Ice            0%           100%        6
 Simulacrum               Ice/Necr       0%           100%        6
 Orb of Destruction       Conj           0%           100%        7
 Spellforged Servitor     Conj/Summ      0%           100%        7
 Discord                  Hex            0%           100%        8
 Ice Form                 Ice/Tmut       Unusable     N/A         4

Dungeon Overview and Level Annotations

Branches:
Dungeon (15/15)            Temple (1/1) D:5            Lair (4/6) D:11
  Swamp (0/4) Lair:2       Spider (0/4) Lair:2          Orc (0/2) D:11
 Vaults (0/5) D:14         Depths (0/5) D:15          IceCv (visited)

Altars:
Ashenzari
Cheibriados
Dithmenos
Elyvilon
Fedhas
Gozag
Hepliaklqana
Kikubaaqudgha
Makhleb
Nemelex Xobeh
Okawaru
Qazlal
Ru
Sif Muna
Trog
Uskayaw
Vehumet
Wu Jian
Xom
Yredelemnul
Zin
The Shining One

Shops:
D:9 !=[[[

Portals:
Trove: D:14 (show abyssal rune of Zot)


Innate Abilities, Weirdness & Mutations

You thrive by killing the living.
You are immune to poison.
You have sharp fingernails.
Your flesh is cold resistant. (rC+)
You are immune to negative energy. (rN+++)
You do not regenerate when monsters are visible.
You are immune to unholy pain and torment.
You can survive without breathing.


Message History

You gain the combat prowess of a mighty hero.
The death yak gores you!
You scratch the death yak.
The death yak is moderately wounded.
You eviscerate the death yak!!!
The death yak is severely wounded.
The death yak barely misses you. The death yak misses you.
The death yak misses you. The death yak gores you!
* * * LOW HITPOINT WARNING * * *
The death yak gores you!
* * * LOW HITPOINT WARNING * * *
The death yak misses you.
Things that are here:
a yak corpse; a yak corpse
As you read the scroll of teleportation, it crumbles to dust.
You feel strangely unstable. You block the death yak's attack.
The death yak gores you!
* * * LOW HITPOINT WARNING * * *
The death yak gores you!
You die...

#..# ...... .... #P..#
####.. ....## #.>.##
####.# .<....#####P.#.###
#P....
........##......?####...#
........##......#.#PY.#..
...$....##......#...Y....
.......Y##........##...Y.
#..@#Y.....####..P.#
#.YYYYY....# ##....
##.#Y......# #####
###.......# # ##.###.##
### ###


You could see 5 death yaks and 2 yaks.

Vanquished Creatures
  The ghost of Ysuenkit the Champion of Chaos, a journeyman DDFi of Makhleb (Lair:2)
  A minotaur (Lair:2)
  An ogre mage (D:14)
  4 hydras
  3 boulder beetles
  7 centaur warriors
  7 two-headed ogres
  6 death yaks
  The ghost of Inarius the Frost Mage, a novice BaIE of Vehumet (D:9)
  Urug (Lair:1)
  2 unseen horrors (D:13)
  3 bog bodies (Lair:2)
  2 wizards (D:15)
  A wolf spider (shapeshifter) (D:14)
  11 ugly things
  2 deep elf magi
  2 necromancers
  2 cyclopes
  3 black mambas
  2 naga magi (D:15)
  A gargoyle (D:14)
  An ice statue (IceCv)
  A yaktaur (D:13)
  A kobold demonologist (D:13)
  7 komodo dragons
  4 cane toads
  10 freezing wraiths (IceCv)
  3 polar bears (Lair:4)
  An efreet (D:13)
  6 trolls
  A wolf spider simulacrum (D:15)
  4 hornets
  A blink frog (shapeshifter) (D:13)
  4 blink frogs
  15 slime creatures
  A meliai zombie (D:13)
  A wraith (D:13)
  4 wyverns
  A vampire (D:13)
  A spriggan (D:11)
  6 basilisks
  A hog (shapeshifter) (D:13)
  28 yaks
  7 vampire mosquitoes
  Grum (D:8)
  A swamp worm (Lair:2)
  2 acid dragons
  7 water moccasins
  A swamp drake (D:11)
  An eye of draining (D:13)
  A hornet zombie (D:10)
  20 ice beasts
  8 orc warriors
  6 black bears
  4 sky beasts
  3 phantoms
  2 necrophages (D:13)
  7 ogres
  3 wolves (D:8)
  25 centaurs
  A big kobold (D:12)
  13 bullfrogs
  2 elephant simulacra (IceCv)
  6 scorpions
  8 killer bees
  A howler monkey (D:4)
  15 wights
  2 electric eels
  3 centaur zombies
  5 hounds
  7 jellies
  5 draconian simulacra (IceCv)
  A quasit (D:13)
  A bullfrog zombie (D:13)
  6 orc priests
  A bullfrog skeleton (D:5)
  8 orc wizards
  6 centaur skeletons
  4 iguanas
  2 polar bear simulacra (IceCv)
  10 worker ants
  3 troll simulacra (IceCv)
  3 centaur simulacra (IceCv)
  A hound zombie (D:11)
  A hound skeleton (D:6)
  2 worker ant zombies
  Robin (D:4)
  3 gnolls (D:6)
  7 adders
  9 naga simulacra (IceCv)
  A hound simulacrum (D:9)
  17 white imps
  An ufetubus (D:5)
  3 oozes (D:3)
  2 adder skeletons (D:4)
  A worm (D:2)
  An adder simulacrum (D:9)
  8 leopard geckos
  48 orcs
  2 ball pythons
  6 giant cockroaches
  14 goblins
  7 hobgoblins
  2 jackals (D:6)
  12 kobolds
  7 quokkas
  6 bats
  A frilled lizard (D:4)
  A quokka simulacrum (D:9)
  4 rats
545 creatures vanquished.

Vanquished Creatures (others)
  An unseen horror (D:13)
  An orc wizard (D:11)
  44 fungi
  36 plants
82 creatures vanquished.

Grand Total: 627 creatures vanquished

Notes
Turn   | Place    | Note
-------+----------+-------------------------------------------
     0 | D:1      | Borgoz the Ghoul Gladiator began the quest for the Orb.
     0 | D:1      | Reached XP level 1. HP: 17/17 MP: 0/0
   265 | D:1      | Reached XP level 2. HP: 25/25 MP: 1/1
  1039 | D:2      | Reached XP level 3. HP: 30/30 MP: 2/2
  1056 | D:2      | Reached skill level 1 in Armour
  1140 | D:2      | Found an ornate altar of the Wu Jian Council.
  1377 | D:2      | Found a burning altar of Makhleb.
  1468 | D:2      | Found an ancient bone altar of Kikubaaqudgha.
  1471 | D:2      | Found a burning altar of Makhleb.
  1474 | D:2      | Found a glowing silver altar of Zin.
  1754 | D:2      | Reached XP level 4. HP: 37/37 MP: 3/3
  2020 | D:3      | Reached XP level 5. HP: 33/45 MP: 4/4
  2157 | D:3      | Noticed an ogre
  2166 | D:3      | Killed an ogre
  2237 | D:3      | Found a radiant altar of Vehumet.
  2396 | D:3      | You fall into a shaft and drop 2 floors!
  2396 | D:5      | Entered Level 5 of the Dungeon
  2397 | D:5      | Found a staircase to the Ecumenical Temple.
  2422 | Temple   | Entered the Ecumenical Temple
  2603 | Temple   | Became a worshipper of Warmaster Okawaru
  2677 | D:5      | Reached XP level 6. HP: 45/52 MP: 5/5
  2930 | D:4      | Noticed Robin
  2980 | D:4      | Killed Robin
  3139 | D:4      | Reached * piety under Okawaru
  3140 | D:4      | Reached skill level 5 in Unarmed Combat
  3140 | D:4      | Reached XP level 7. HP: 59/59 MP: 6/6
  4598 | D:5      | Reached skill level 5 in Fighting
  5121 | D:6      | Reached XP level 8. HP: 68/68 MP: 7/7
  5258 | D:6      | Reached ** piety under Okawaru
  5265 | D:6      | Reached skill level 5 in Dodging
  5547 | D:6      | Found a white marble altar of Elyvilon.
  6132 | D:6      | Found a bloodstained altar of Trog.
  6307 | D:7      | Reached *** piety under Okawaru
  6560 | D:7      | Reached XP level 9. HP: 77/77 MP: 8/8
  6811 | D:7      | Reached skill level 5 in Armour
  6946 | D:7      | Got a transparent chain mail
  6957 | D:7      | Identified the +4 chain mail "Oxtexonaff" {Int+5} (You
                  | found it on level 7 of the Dungeon)
  7049 | D:8      | Noticed Grum
  7100 | D:8      | Killed Grum
  7629 | D:8      | Noticed a hornet
  7649 | D:8      | Killed a hornet
  7649 | D:8      | Reached **** piety under Okawaru
  7826 | D:9      | Found an opulent altar of Gozag.
  7905 | D:9      | Found Oboachon's Jewellery Shoppe.
  7921 | D:9      | Found Ziupt's Antique Armour Emporium.
  7929 | D:9      | Bought a transparent scale mail for 216 gold pieces
  7939 | D:9      | Identified the +2 scale mail of Elettagu {Rampage rF+} (You
                  | bought it in a shop on level 9 of the Dungeon)
  7959 | D:9      | Found Rorhus's Armour Boutique.
  7968 | D:9      | Noticed Inarius's ghost (novice BaIE)
  7989 | D:9      | Found a runed translucent gate.
  7989 | D:9      | Found a runed translucent gate.
  7989 | D:9      | Found a runed translucent gate.
  8029 | D:9      | Received a gift from Okawaru
  8030 | D:9      | Reached skill level 1 in Invocations
  8529 | D:9      | Found Zadiugoyru's Armour Shop.
  8577 | D:9      | Found Eqeamil's Distillery.
  8587 | D:9      | Bought a potion of might for 48 gold pieces
  8587 | D:9      | Bought a potion of might for 48 gold pieces
  8601 | D:9      | Killed Inarius's ghost
  8601 | D:9      | Reached ***** piety under Okawaru
  8602 | D:9      | Reached XP level 10. HP: 39/88 MP: 9/11
  8909 | D:9      | Got a faintly humming scale mail
  8925 | D:9      | Identified the cursed +0 scale mail "Cesmex" {Dex+4 Stlth+}
                  | (You found it on level 9 of the Dungeon)
  8998 | D:9      | Got the ring "Vawkosch" {Fire}
  9026 | D:9      | Identified the ring "Vawkosch" {Fire Dex+3} (You found it
                  | on level 9 of the Dungeon)
  9051 | D:10     | Entered Level 10 of the Dungeon
  9667 | D:10     | Received a gift from Okawaru
 10194 | D:10     | Noticed a two-headed ogre
 10201 | D:10     | Killed a two-headed ogre
 10613 | D:11     | Reached XP level 11. HP: 93/95 MP: 13/13
 10619 | D:11     | Received a gift from Okawaru
 10640 | D:11     | Noticed a two-headed ogre
 10649 | D:11     | Killed a two-headed ogre
 10650 | D:11     | Reached skill level 5 in Invocations
 10700 | D:11     | Found a staircase to the Lair.
 10885 | D:11     | Noticed a green ugly thing
 10892 | D:11     | Killed a green ugly thing
 11228 | D:11     | Found a staircase to the Orcish Mines.
 11399 | D:11     | Found a radiant altar of Vehumet.
 11617 | D:11     | Noticed a red ugly thing
 11634 | D:11     | Killed a red ugly thing
 11635 | D:11     | Reached skill level 1 in Shields
 12015 | D:12     | Reached skill level 10 in Unarmed Combat
 12518 | D:12     | Noticed a cyclops
 12535 | D:12     | Killed a cyclops
 12537 | D:12     | Got a dazzling trident
 12859 | D:12     | Received a gift from Okawaru
 12862 | D:12     | Got an ichor-stained hat {god gift}
 12873 | D:12     | Identified the +2 hat of Baldness {Str+3 SInv} (Okawaru
                  | gifted it to you on level 12 of the Dungeon)
 13128 | D:12     | Noticed a two-headed ogre
 13144 | D:12     | Killed a two-headed ogre
 13145 | D:12     | Reached skill level 10 in Fighting
 13394 | D:13     | Noticed an unseen horror
 13405 | D:13     | Killed an unseen horror
 13409 | D:13     | Reached XP level 12. HP: 106/106 MP: 14/14
 13566 | D:13     | Noticed a two-headed ogre
 13575 | D:13     | Killed a two-headed ogre
 13782 | D:13     | Noticed a centaur warrior
 13787 | D:13     | Noticed a two-headed ogre
 13796 | D:13     | Killed a two-headed ogre
 13811 | D:13     | Killed a centaur warrior
 14011 | D:13     | Noticed a centaur warrior
 14030 | D:13     | Noticed a boulder beetle
 14038 | D:13     | Killed a centaur warrior
 14120 | D:13     | Killed a boulder beetle
 14120 | D:13     | Reached ****** piety under Okawaru
 14120 | D:13     | Received a gift from Okawaru
 15061 | D:12     | Reached skill level 5 in Shields
 15193 | D:13     | Reached XP level 13. HP: 116/116 MP: 2/15
 15537 | D:13     | Got a faintly humming leather armour
 16035 | D:13     | Reached skill level 10 in Dodging
 16177 | D:14     | Received a gift from Okawaru
 16366 | D:13     | Identified the +1 leather armour of the Poles {-Cast rN+++
                  | Will+ Int+4} (You found it on level 13 of the Dungeon)
 17095 | D:14     | Noticed an ogre mage
 17099 | D:14     | Found a gate to the Vaults.
 17104 | D:14     | Killed an ogre mage
 17105 | D:14     | Reached skill level 10 in Armour
 17466 | D:14     | Found a portal to a secret trove of treasure.
 17592 | D:14     | Received a gift from Okawaru
 18280 | D:15     | Entered Level 15 of the Dungeon
 18390 | D:15     | Reached XP level 14. HP: 92/126 MP: 16/16
 18394 | D:15     | Received a gift from Okawaru
 18411 | D:15     | Found a frozen archway.
 18475 | IceCv    | Entered an ice cave
 19177 | IceCv    | Found an ancient bone altar of Kikubaaqudgha.
 19930 | D:15     | Found a staircase to the Depths.
 20481 | Lair:1   | Entered Level 1 of the Lair of Beasts
 20487 | Lair:1   | Received a gift from Okawaru
 20493 | Lair:1   | Got a pair of heavily runed boots {god gift}
 20499 | Lair:1   | Identified the -5 pair of boots of Okawaru's Whim {Regen+}
                  | (Okawaru gifted it to you on level 1 of the Lair of Beasts)
 21592 | Lair:1   | Noticed Urug
 21611 | Lair:1   | Killed Urug
 22791 | Lair:2   | Noticed Ysuenkit's ghost (journeyman DDFi)
 22814 | Lair:2   | Found a runed translucent gate.
 22814 | Lair:2   | Found a runed translucent gate.
 22814 | Lair:2   | Found a runed translucent gate.
 22889 | Lair:2   | Found a hole to the Spider Nest.
 23311 | Lair:2   | Found a staircase to the Swamp.
 23477 | Lair:2   | Received a gift from Okawaru
 23701 | Lair:1   | Reached XP level 15. HP: 56/135 MP: 17/17
 24165 | Lair:2   | Killed Ysuenkit's ghost
 25839 | Lair:4   | Slain by a death yak

Illustrated notes

Levels and vault maps discovered:
D:1:      ncdulo_halloftheorcs, layout_loops_corners, nrook_mini_backslash,
          minmay_misc_feat_rows, minmay_misc_feat_secret_circle, feat_on_display
D:2:      minmay_inner_zag, layout_basic, grunt_temple_overflow_diamond,
          old_standard_altar, dk_noncrumbling_4, bloody_makhleb
D:3:      layout_basic, vehumet_crystals
D:4:      layout_basic, minmay_misc_feat_ornament, grunt_ministairs_10,
          uniq_robin
D:5:      layout_basic, minmay_temple_entry_mist, kennysheep_small_spiral,
          roderic_malta_cross
D:6:      layout_loops_corners, kennysheep_mini_moat, elyvilon_altar_4
D:7:      layout_basic, lightli_corner_chamber
D:8:      layout_basic, uniq_grum
D:9:      layout_long_grid, nicolae_gozag_cash_rules_everything_around_me,
          serial_shops, nicolae_shop_trees, shop, nicolae_shop_waterfront,
          nicolae_shop_trees, shop, gammafunk_ghost_icy,
          minmay_misc_feat_diagonals
D:10:     minmay_recursive_quarters, layout_loops_corners
D:11:     layout_roguey, due_lair_maze_entry_diamond, erik_orc_1, basic_altar,
          minivault_24, the_bakery
D:12:     layout_roguey, serial_glass, glass_columns_c, glass_columns_a,
          kennysheep_generic_room_7
D:13:     minmay_the_grid_octo_tiled_octocenter
          [minmay_the_grid_octo_tetromino_candy, minmay_the_grid_octo_clover,
          minmay_the_grid_octo_toaster, minmay_the_grid_octo_empty,
          minmay_the_grid_octo_prize_star, minmay_the_grid_square_5x5_moneybag,
          minmay_the_grid_square_5x5_inset, minmay_the_grid_square_5x5_v,
          minmay_the_grid_square_5x5_minibox], layout_stronghold
D:14:     layout_stronghold, david_vaults_2, nicolae_trove_entry_crossroad,
          minmay_tree_intersection, st_stairs_3, hangedman_decor_opposing
D:15:     grunt_enter_depths_magical_seal, layout_irregular_city,
          portal_ice_cave_entry_ice_beasts, serial_park_gazebo
          [serial_park_minivault_5x5_5]
Temple:   eino_narrow_crystal_temple
Lair:1:   layout_cave_pods, uniq_urug
Lair:2:   beast_lair_carwin_large_2, layout_hall_layers,
          nicolae_swamp_entry_splash_gauntlet, spider_nest_entry_web_field,
          maelrawn_ghost_gauntlet_escape
Lair:3:   layout_roguey, chequers_serial_rivers_micro_b, serial_bayou_shore_b
Lair:4:   layout_roguey, gammafunk_lair_bear_cave

Skill      XL: |  1  2  3  4  5  6  7  8  9 10 11 12 13 14 |
---------------+-------------------------------------------+-----
Dodging        | 3 4 5 7 8 9 10 11 | 11.6
Armour         | 1 2 3 4 6 7 8 9 10 11 | 11.4
Fighting       | 3 4 5 6 7 8 10 11 12 13 | 13.4
Unarmed Combat | 4 5 6 8 9 10 11 12 13 | 13.5
Invocations    | 2 4 5 |  5.0
Shields        | 2 5 6 8 |  8.6
Throwing       | |  1.7

Action                   |  1- 3 |  4- 6 |  7- 9 | 10-12 | 13-15 || total
-------------------------+-------+-------+-------+-------+-------++-------
Melee: Unarmed           |    93 |   168 |   449 |   799 |  1089 ||  2598
       Punch             |     2 |     6 |     9 |    10 |       ||    27
Throw: Throwing net      |       |       |     3 |     4 |     4 ||    11
Invok: Heroism           |       |       |       |       |     6 ||     6
Evoke: Wand              |       |       |     3 |     4 |     7 ||    14
  Use: Scroll            |     4 |       |    12 |     4 |    15 ||    35
       Potion            |       |     1 |     4 |       |     7 ||    12
 Stab: Held in net/web   |       |       |       |     3 |     1 ||     4
       Paralysed         |       |       |       |       |     7 ||     7
Armor: Leather armour    |    31 |       |       |       |       ||    31
       Plate armour      |    10 |   166 |    99 |       |   181 ||   456
       Ring mail         |       |       |    35 |       |       ||    35
       Chain mail        |       |       |   145 |   448 |   253 ||   846
Dodge: Dodged            |    57 |    76 |   223 |   561 |   635 ||  1552
       Repelled          |       |       |       |       |     6 ||     6
Block: Buckler           |       |       |       |   125 |   372 ||   497

Table legend: (Time is in decaauts)
 A = Elapsed time spent in this place.
 B = Non-inter-level travel time spent in this place.
 C = Inter-level travel time spent in this place.
 D = Time resting spent in this place.
 E = Time spent auto-exploring this place.
 F = Levels seen in this place.
 G = Mean time per level.
                   A        B        C        D        E       F      G
               +--------+--------+--------+--------+--------+-----+--------+
         Total |  25449 |  24643 |    806 |   5714 |  14525 |  21 | 1211.9 |
       Dungeon |  18764 |  18273 |    491 |   4024 |  10988 |  15 | 1250.9 |
        Temple |    196 |    169 |     27 |      0 |    168 |   1 |  196.0 |
          Lair |   5295 |   5007 |    288 |   1212 |   3055 |   4 | 1323.8 |
      Ice Cave |   1191 |   1191 |      0 |    478 |    314 |   1 | 1191.0 |
               +--------+--------+--------+--------+--------+-----+--------+

Top non-repeatable levels by time:
    D:13: 2595 daAuts
    D:12: 2151 daAuts
  Lair:1: 2145 daAuts
  Lair:2: 1974 daAuts
     D:5: 1633 daAuts
    D:14: 1526 daAuts
    D:10: 1476 daAuts
    D:11: 1376 daAuts
     D:9: 1223 daAuts
   IceCv: 1191 daAuts
     D:6: 1166 daAuts
     D:1: 916 daAuts
    D:15: 860 daAuts
     D:2: 853 daAuts
     D:8: 794 daAuts
